 Dungeon Crawl Stone Soup version 0.30-a0-377-g5cb311bc9f (webtiles) character file.

Game seed: 12770694628758327078

228 bande the Covered (level 6, 0/38 HPs)
             Began as a Gargoyle Fighter on Nov 30, 2022.
             Slain by an orc
             ... wielding a +0 morningstar
              (2 damage)
             ... on level 3 of the Dungeon.
             The game lasted 00:03:42 (1512 turns).

bande the Covered (Gargoyle Fighter)                Turns: 1512, Time: 00:03:43

Health: 0/38       AC: 14    Str: 20    XL:     6   Next: 2%
Magic:  6/6        EV:  7    Int:  8    God:
Gold:   172        SH:  4    Dex: 11    Spells: 5/5 levels left

rFire   . . .      SeeInvis .    a - +0 war axe
rCold   . . .      Faith    .    c - +0 buckler
rNeg    + . .      Spirit   .    m - +1 chain mail of the Barracuda {Slay+3}
rPois   ∞          Reflect  .    (no helmet)
rElec   +          Harm     .    (no cloak)
rCorr   .          Rampage  .    (no gloves)
Will    .....                    (no boots)
Stlth   ..........               (no amulet)
HPRegen 0.26/turn                (no ring)
MPRegen 0.10/turn                (no ring)

@: no status effects
A: sickness immunity, AC +4, negative energy resistance 1, electricity
resistance, torment resistance 1, petrification resistance
a: no special abilities


You were on level 3 of the Dungeon.
You visited 1 branch of the dungeon, and saw 3 of its levels.

You collected 172 gold pieces.

Inventory:

Hand Weapons
 a - a +0 war axe (weapon)
 k - a +0 flail of protection
Armour
 c - a +0 buckler (worn)
 m - the +1 chain mail of the Barracuda (worn) {Slay+3}
   (You found it on level 2 of the Dungeon)

   Slay:      It affects your accuracy & damage with ranged weapons and melee
   (+3).
Jewellery
 b - a +4 ring of evasion
 g - a ring of fire
 o - a ring of willpower
 q - an amulet of magic regeneration
Wands
 p - a wand of mindburst (16)
Scrolls
 e - 4 scrolls of identify {unknown}
 h - 3 scrolls of fog {unknown}
 j - a scroll of vulnerability {unknown}
 l - a scroll of silence {unknown}
Potions
 d - a potion of might
 f - 2 potions of flight {unknown}
 i - a potion of curing {unknown}
 n - a potion of heal wounds {unknown}
 r - a potion of brilliance {unknown}


   Skills:
 + Level 4.2 Fighting
 + Level 4.1 Axes
 + Level 4.3 Armour
 + Level 3.8 Shields


You had 5 spell levels left.
You didn't know any spells.
Your spell library contained the following spells:

 Spells                   Type           Power      Damage    Failure   Level
 Poisonous Vapours        Pois/Air       0%         N/A       100%        2
 Mephitic Cloud           Conj/Pois/Air  0%         N/A       100%        3
 Cigotuvi's Dreadful Rot  Necr/Pois/Air  Unusable   N/A       N/A         2

Dungeon Overview and Level Annotations

Branches:
Dungeon (3/15)

Altars:

Shops:
D:2 =


Innate Abilities, Weirdness & Mutations

You are immune to sickness and miasma.
Your stone body is resilient. (AC +4)
You are immune to poison.
You resist negative energy. (rN+)
You are resistant to electric shocks. (rElec)
You are resistant to unholy torment.
You are immune to petrification.


Message History

You closely miss the orc. You slash the gnoll! The orc barely misses you.
An orc comes into view. It is wielding a +0 whip of venom.
The gnoll hits you with a +0 club. The gnoll hits you but does no damage.
You hit the gnoll.
The gnoll is moderately wounded.
You closely miss the orc. You slash the gnoll!
You kill the gnoll!
The orc barely misses you. The gnoll hits you with a +0 club. x2
The gnoll hits you but does no damage. You block the orc's attack.
You barely miss the gnoll.
The gnoll is moderately wounded.
You barely miss the orc. You slash the gnoll!
The orc hits you but does no damage. The gnoll hits you but does no damage.
The gnoll hits you with a +0 club.
Unknown command.
You hit the gnoll.
The gnoll is heavily wounded.
You closely miss the orc. You hit the gnoll but do no damage. You hit the orc.
The orc hits you with a +0 whip. The orc hits you but does no damage.
The gnoll hits you with a +0 flail. The gnoll hits you but does no damage.
You slash the gnoll!
You kill the gnoll!
You closely miss the orc. You slash the gnoll!
You kill the gnoll!
You hit the orc.
You kill the orc!
The orc hits you but does no damage. You block the orc's attack.
The orc barely misses you.
Your Axes skill increases to level 4!
You have reached level 6!
You hit the orc but do no damage. You hit the orc.
The orc hits you with a +0 whip.
* * * LOW HITPOINT WARNING * * *
The orc hits you with a +0 morningstar!
* * * LOW HITPOINT WARNING * * *
Unknown command.
You barely miss the orc. You closely miss the orc. You slash the orc!
You kill the orc!
The orc completely misses you. The orc hits you with a +0 morningstar.
You die...

#.........###....[...
+.........'.........#
#.........###.#######
..........# #.###
.....######
#...####### ..... #
###.#...... .....
...####))...# ..
......o)#.#....
......o@#.# ##
###...).# # #......
...####### ##. #


You could see 2 orcs.

Vanquished Creatures
  2 orc wizards (D:3)
  7 gnolls
  4 adders
  A worm (D:2)
  3 dart slugs
  10 orcs (D:3)
  3 bats (D:2)
  2 endoplasms
  A giant cockroach (D:3)
  5 hobgoblins
  4 jackals (D:2)
  2 quokkas (D:2)
  2 ball pythons (D:2)
  3 frilled lizards
  5 goblins
  7 kobolds
  4 rats
65 creatures vanquished.

Notes
Turn   | Place    | Note
-------+----------+-------------------------------------------
     0 | D:1      | bande the Gargoyle Fighter began the quest for the Orb.
     0 | D:1      | Reached XP level 1. HP: 14/14 MP: 1/1
   308 | D:1      | Reached XP level 2. HP: 16/19 MP: 2/2
   662 | D:2      | Found Nuemaz's Jewellery Emporium.
   726 | D:2      | Reached XP level 3. HP: 11/24 MP: 3/3
   856 | D:2      | Identified the +1 chain mail of the Barracuda {Slay+3}
   928 | D:2      | Reached XP level 4. HP: 20/29 MP: 4/4
  1433 | D:3      | Reached XP level 5. HP: 33/33 MP: 5/5
  1511 | D:3      | Reached XP level 6. HP: 12/38 MP: 6/6
  1512 | D:3      | Slain by an orc

Illustrated notes

Levels and vault maps discovered:
D:1:      saegor_arrival_fortress, layout_rooms
D:2:      layout_basic, serial_shops, nicolae_shop_advertising_works
          [nicolae_subvault_shop_adworks], minmay_liquid_box,
          minmay_increasing_density
D:3:      layout_basic, shapermc_ecumenical_altar_flowoftime,
          minmay_misc_feat_diagonals, st_stairs_12

Skill      XL: |  1  2  3  4  5 |
---------------+----------------+-----
Axes           | 2 3 4 |  4.1
Fighting       | 4 |  4.2
Armour         | 4 |  4.3
Shields        | |  3.8

Action                   |  1- 3 |  4- 6 || total
-------------------------+-------+-------++-------
Melee: War axe           |    57 |    78 ||   135
Armor: Scale mail        |    26 |       ||    26
       Chain mail        |     8 |    76 ||    84
Dodge: Dodged            |    35 |    42 ||    77
Block: Buckler           |    10 |    16 ||    26

Table legend: (Time is in decaauts)
 A = Elapsed time spent in this place.
 B = Non-inter-level travel time spent in this place.
 C = Inter-level travel time spent in this place.
 D = Time resting spent in this place.
 E = Time spent auto-exploring this place.
 F = Levels seen in this place.
 G = Mean time per level.
                   A        B        C        D        E       F      G
               +--------+--------+--------+--------+--------+-----+--------+
         Total |   1567 |   1567 |      0 |    190 |    969 |   3 |  522.3 |
       Dungeon |   1567 |   1567 |      0 |    190 |    969 |   3 |  522.3 |
               +--------+--------+--------+--------+--------+-----+--------+

Top non-repeatable levels by time:
     D:2: 842 daAuts
     D:1: 629 daAuts
     D:3: 95 daAuts
